 Dungeon Crawl Stone Soup version 0.31-a0-233-g139696dc86 (webtiles) character file.

Game seed: 5106212050929110721

3033 Shard1697 the Cruncher (level 10, -3/76 HPs)
             Began as a Djinni Reaver on July 8, 2023.
             Was an Initiate of Yredelemnul.
             Slain by a wolf spider (shapeshifter) (16 damage)
             ... led by a gnoll bouda
             ... on level 6 of the Dungeon.
             The game lasted 00:12:14 (6370 turns).

Shard1697 the Cruncher (Djinni Reaver)              Turns: 6370, Time: 00:12:14

Health: -3/76      AC:  8    Str: 13    XL:     10   Next: 11%
Gold:   369        EV: 11    Int: 17    God:    Yredelemnul [......] SH:  0 Dex: 18

rFire   + + .        a - +5 quarterstaff (chaos)
rCold   x . .        (shield currently unavailable)
rNeg    . . .        d - +0 ring mail
rPois   ∞            m - +0 helmet
rElec   .            o - +1 cloak {rCorr}
rCorr   +            (no gloves)
SInv    .            (boots unavailable)
Will    +....        (no amulet)
Stlth   +            y - ring of wizardry
HPRegen 0.32/turn    w - +6 ring of dexterity
MPRegen 0.00/turn

%: wizardry (x1), infuse magic (-4 HP)
@: flying
A: sickness immunity, fire resistance 2, cold vulnerability 1, float, innate
caster, HP casting, extra vitality 1
a: Renounce Religion, Recall Undead Harvest


You were on level 6 of the Dungeon.
You worshipped Yredelemnul.
Yredelemnul was noncommittal.
You visited 1 branch of the dungeon, and saw 7 of its levels.
You also visited: Sewer.

You collected 439 gold pieces.
You spent 70 gold pieces at shops.

Inventory:

Hand Weapons
 a - a +5 quarterstaff of chaos (weapon)
 b - a +1 dagger of pain
 p - a +0 scimitar
Missiles
 z - 2 throwing nets
Armour
 d - a +0 ring mail (worn)
 e - a +0 leather armour
 m - a +0 helmet (worn)
 o - a +1 cloak of preservation (worn)
Jewellery
 i - a ring of see invisible
 r - a ring of resist corrosion
 w - a +6 ring of dexterity (right hand)
 y - a ring of wizardry (left hand)
 A - a +5 ring of evasion
Wands
 g - a wand of quicksilver (9)
Scrolls
 j - 2 scrolls of noise
 l - 2 scrolls of teleportation
 n - a scroll of vulnerability
 s - a scroll of immolation
 t - 6 scrolls of identify
 u - a scroll of poison
 v - a scroll of fear
Potions
 c - a potion of invisibility
 f - 4 potions of enlightenment
 h - 2 potions of ambrosia
 q - 8 potions of curing
 x - a potion of mutation {unknown}


   Skills:
 * Level 7.7 Fighting
 - Level 4.2 Long Blades
 * Level 8.7 Staves
 - Level 2.1 Dodging
 + Level 4.1 Spellcasting
 + Level 4.1 Conjurations
 + Level 4.1 Hexes
   Level 0.0 Charms
 + Level 4.1 Summonings
 + Level 4.1 Necromancy
 + Level 4.1 Translocations
 + Level 4.1 Transmutations
 + Level 4.1 Fire Magic
 + Level 4.1 Ice Magic
 + Level 4.1 Air Magic
 + Level 4.1 Earth Magic
 + Level 4.1 Poison Magic


You knew the following spells:

 Your Spells              Type           Power      Damage    Failure   Level
a - Kiss of Death         Conj/Necr      68%        2d10      2%          1
b - Momentum Strike       Conj/Tloc      34%        3d8       4%          2
c - Hailstorm             Conj/Ice       17%        3d6       8%          3
d - Sandblast             Erth           34%        2d9       2%          1
e - Blink                 Tloc           34%        N/A       4%          2
f - Vhi's Electric Charg  Tloc/Air       34%        N/A       8%          3
g - Olgreb's Toxic Radia  Pois           17%        N/A       26%         4
Your spell library was empty.

Dungeon Overview and Level Annotations

Branches:
Dungeon (7/15)             Temple (0/1) D:7           Sewer (visited)

Altars:
Nemelex Xobeh
Trog
Wu Jian
Xom
Yredelemnul

Shops:
D:5 !(=   D:7 *

Annotations:
D:4 2 runed translucent doors, HilariousDeathArtist's ghost, amateur OgAr


Innate Abilities, Weirdness & Mutations

You are immune to sickness and miasma.
You are immune to poison.
Your flesh is very heat resistant. (rF++)
You are vulnerable to cold. (rC-)
You float through the air rather than walking.
You learn spells naturally, not from books.
Your magical power is your life essence.
You have superior vitality. (+4 MHP)


Message History

You assume a fearsome visage.
The wolf spider looks frightened!
Your sky beast zombie closely misses the wolf spider.
Your spectral white imp hits the wolf spider but does no damage.
Okay, then.
Your spectral white imp misses the wolf spider.
Cornered, the wolf spider turns to fight!
Your spectral white imp hits the wolf spider but does no damage.
Aiming: Quicksilver Bolt
Press: ? - help, Shift-Dir - straight line, f - wolf spider
Aim: a wolf spider shaped shifter (moderately wounded, ally target, 71% to hit)
The bolt of dispelling energy hits the wolf spider!
The wolf spider is heavily wounded.
Your spectral white imp hits the wolf spider but does no damage.
The wolf spider hits your spectral white imp!!
Your spectral white imp is destroyed!
The wolf spider closely misses your sky beast zombie.
The wolf spider bites your sky beast zombie!
Aiming: Quicksilver Bolt
Press: ? - help, Shift-Dir - straight line, p - wolf spider The bolt of dispelling energy hits the wolf spider!
The wolf spider is severely wounded.
Aiming: Quicksilver Bolt
Press: ? - help, Shift-Dir - straight line, f - wolf spider
Aim: a wolf spider shaped shifter (severely wounded, ally target, 71% to hit)
The bolt of dispelling energy misses the wolf spider.
The wolf spider hits you. The wolf spider bites you.
You closely miss the wolf spider.
The wolf spider is severely wounded.
The wolf spider hits you!!
* * * LOW HITPOINT WARNING * * *
The wolf spider closely misses you.
Your sky beast zombie closely misses the wolf spider.
Okay, then.
You feel much better. The wolf spider hits you!
* * * LOW HITPOINT WARNING * * *
The wolf spider bites you!
* * * LOW HITPOINT WARNING * * *
The wolf spider hits you!
You die...
Your body rises from the dead as a mindless zombie.

############################
#....#..........<...#.......
#....#..............#.......
#....#..............#.......
#....#...Zs@........#.......
#....#..............'.......
#....#....##.......##.....#.
#....##...##.......##'######
###'###...##.............##§
#....##...##........(...##≈≈
#.......................#≈≈#
#.......................+...
#.......................+.§#


You could see a wolf spider shaped shifter (ally target) and a friendly sky
beast zombie.

Vanquished Creatures
  3 yaks (D:7)
  A steam dragon (D:6)
  A water moccasin (D:6)
  2 sky beasts (D:6)
  3 ice beasts (D:6)
  2 kobold brigands
  Blork the orc (D:4)
  A bullfrog (D:7)
  6 scorpions
  3 jellies
  5 hounds
  Crazy Yiuf (D:2)
  A sleepcap (D:7)
  A gnoll bouda (D:6)
  Natasha (D:2)
  Robin (D:4)
  11 adders
  9 gnolls
  2 white imps
  4 worms
  4 dart slugs
  An orc (D:5)
  3 bats
  5 endoplasms
  6 giant cockroaches
  6 goblins
  9 hobgoblins
  2 jackals (Sewer)
  13 kobolds
  6 quokkas
  9 ball pythons
  2 frilled lizards (D:1)
  9 rats
134 creatures vanquished.

Vanquished Creatures (collateral kills)
  3 yaks (D:7)
  A scorpion (D:6)
  A jelly (D:7)
  A hound (D:5)
  Natasha (twice) (D:2)
  An adder (D:4)
  A gnoll (D:6)
  A white imp (D:6)
  An orc (D:6)
  2 endoplasms
  A giant cockroach (D:1)
  3 goblins
  A hobgoblin (D:1)
  2 kobolds
  2 ball pythons
  A bat (D:1)
24 creatures vanquished.

Vanquished Creatures (others)
  A yak zombie (D:7)
  A scorpion zombie (D:6)
  An ice beast zombie (D:6)
  A hound zombie (D:6)
  3 spectral white imps
  An adder zombie (D:2)
  4 bat zombies
  A gnoll zombie (D:6)
  A ball python zombie (D:2)
  A dart slug zombie (D:2)
  An endoplasm zombie (D:2)
  2 goblin zombies (D:4)
  2 hobgoblin zombies
  3 kobold zombies (D:7)
  A quokka zombie (D:4)
24 creatures vanquished.

Grand Total: 182 creatures vanquished

Notes
Turn   | Place    | Note
-------+----------+-------------------------------------------
     0 | D:1      | Shard1697 the Djinni Reaver began the quest for the Orb.
     0 | D:1      | Shard1697 set off with the following spells memorised: Kiss
                  | of Death, Momentum Strike, Hailstorm.
     0 | D:1      | Reached XP level 1. HP: 18/18 MP: 0/0
   213 | D:1      | Reached XP level 2. HP: 19/19 MP: 0/0
   332 | D:1      | Found a faded altar of an unknown god.
   342 | D:1      | Prayed at the altar of an unknown god.
   342 | D:1      | Became a worshipper of Yredelemnul the Dark
   342 | D:1      | Reached * piety under Yredelemnul
   471 | D:1      | Reached XP level 3. HP: 23/29 MP: 0/0
   471 | D:1      | Learned a level 1 spell: Sandblast
   478 | D:1      | Reached ** piety under Yredelemnul
  1270 | D:2      | Reached XP level 4. HP: 35/35 MP: 0/0
  1344 | D:2      | Noticed Natasha
  1354 | D:2      | Killed Natasha
  1663 | D:2      | Reached XP level 5. HP: 35/40 MP: 0/0
  1663 | D:2      | Learned a level 2 spell: Blink
  1686 | D:2      | Noticed Natasha
  1696 | D:2      | Killed Natasha
  2117 | D:2      | Found a runed translucent door.
  2118 | D:2      | Noticed Crazy Yiuf
  2171 | D:2      | Noticed Natasha
  2180 | D:2      | Killed Natasha
  2269 | D:2      | Killed Crazy Yiuf
  2435 | D:3      | Reached XP level 6. HP: 47/47 MP: 0/0
  2673 | D:3      | Reached skill level 1 in Staves
  2806 | D:4      | Reached skill level 2 in Staves
  2858 | D:4      | Found a glowing drain.
  2864 | Sewer    | Entered a sewer
  2928 | Sewer    | Reached skill level 3 in Staves
  2978 | Sewer    | Found a white marble altar of Elyvilon.
  3062 | D:4      | Found a bloodstained altar of Trog.
  3158 | D:4      | Reached XP level 7. HP: 51/52 MP: 0/0
  3158 | D:4      | Learned a level 3 spell: Vhi's Electric Charge
  3396 | D:4      | Found a large runed translucent door.
  3397 | D:4      | Found a large runed translucent door.
  3398 | D:4      | Noticed HilariousDeathArtist's ghost (amateur OgAr)
  3399 | D:4      | Noticed Robin
  3406 | D:4      | Noticed Blork the orc
  3415 | D:4      | Killed Blork the orc
  3416 | D:4      | Reached skill level 4 in Staves
  3420 | D:4      | Killed Robin
  3669 | D:5      | Entered Level 5 of the Dungeon
  3707 | D:5      | Found Nireseaw's Antique Weapon Shoppe.
  3718 | D:5      | Found Woses's Distillery.
  3735 | D:5      | Bought a potion of heal wounds for 70 gold pieces
  3769 | D:5      | Reached skill level 5 in Staves
  4007 | D:5      | Found Zingor's Jewellery Emporium.
  4093 | D:5      | Identified the +10 whip "Pendulum" {spect, rN+ Int+4}
  4287 | D:5      | Reached XP level 8. HP: 52/58 MP: 0/0
  4582 | D:6      | Reached skill level 6 in Staves
  4800 | D:6      | Reached skill level 5 in Fighting
  4918 | D:6      | Reached skill level 7 in Staves
  4982 | D:6      | a gnoll changed into a shapeshifter
  4982 | D:6      | Noticed a shapeshifter (shapeshifter)
  4982 | D:6      | a shapeshifter changed into a guardian serpent
  4982 | D:6      | Noticed a guardian serpent (shapeshifter)
  5056 | D:6      | Reached XP level 9. HP: 48/65 MP: 0/0
  5056 | D:6      | Learned a level 4 spell: Olgreb's Toxic Radiance
  5230 | D:7      | Found a staircase to the Ecumenical Temple.
  5332 | D:7      | Reached skill level 8 in Staves
  5665 | D:7      | Found a sparkling altar of Nemelex Xobeh.
  5704 | D:7      | Found a shimmering altar of Xom.
  5904 | D:7      | Found Riyxt's General Store.
  5994 | D:7      | Reached XP level 10. HP: 74/75 MP: 0/0
  6052 | D:7      | Found an ornate altar of the Wu Jian Council.
  6343 | D:6      | Noticed a torpor snail
  6345 | D:6      | a torpor snail changed into a two-headed ogre
  6345 | D:6      | Noticed a two-headed ogre (shapeshifter)
  6354 | D:6      | a two-headed ogre changed into a wolf spider
  6354 | D:6      | Noticed a wolf spider (shapeshifter)
  6370 | D:6      | Slain by a wolf spider (shapeshifter)

Illustrated notes

Levels and vault maps discovered:
D:1:      psy_arrival_dodecagon, layout_basic, ebering_ecumenical_altar_box,
          st_stairs_12, minmay_tromino_v4_b
D:2:      layout_basic, uniq_natasha, uniq_crazy_yiuf_cottage
D:3:      layout_rooms
D:4:      layout_rooms, mainiacjoe_overflow_catch_the_wave,
          ebering_ghost_disaster_area, gup_sewer_entry_bubbles,
          dreamdust_wishing_well, uniq_blork_the_orc, uniq_robin
D:5:      layout_basic, serial_shops, nicolae_shop_waterfront,
          nicolae_square_shop, nicolae_shop_trees, chequers_garden
D:6:      layout_gridville, kennysheep_generic_room_3
D:7:      layout_loops_cross, lemuel_crystal_altar, marbit_many_paths,
          nemelex_spade_bored_becter, minmay_temple_entry_drinking_statues,
          serial_shops, shop

Skill      XL: |  1  2  3  4  5  6  7  8  9 |
---------------+----------------------------+-----
Long Blades    | 3 4 |  4.2
Fighting       | 3 4 5 7 |  7.7
Spellcasting   | 3 4 |  4.1
Conjurations   | 3 4 |  4.1
Hexes          | 3 4 |  4.1
Summonings     | 3 4 |  4.1
Necromancy     | 3 4 |  4.1
Translocations | 3 4 |  4.1
Transmutations | 3 4 |  4.1
Fire Magic     | 3 4 |  4.1
Ice Magic      | 3 4 |  4.1
Air Magic      | 3 4 |  4.1
Earth Magic    | 3 4 |  4.1
Poison Magic   | 3 4 |  4.1
Staves         | 3 5 7 8 |  8.7
Dodging        | |  2.1

Action                     |  1- 3 |  4- 6 |  7- 9 | 10-12 || total
---------------------------+-------+-------+-------+-------++-------
  Melee: Falchion          |   126 |    64 |       |       ||   190
         Quarterstaff      |       |    81 |   184 |    39 ||   304
   Cast: Kiss of Death     |     1 |       |       |       ||     1
 Invoke: Recall Undead Har |     1 |       |       |       ||     1
  Evoke: Wand              |       |       |       |     3 ||     3
    Use: Scroll            |       |     6 |     7 |     1 ||    14
         Potion            |       |       |     1 |     1 ||     2
   Stab: Distracted        |       |       |     1 |     1 ||     2
 Armour: Leather armour    |     6 |       |       |       ||     6
         Ring mail         |    41 |    56 |    85 |    15 ||   197
  Dodge: Dodged            |    76 |    58 |    83 |    21 ||   238

Table legend: (Time is in decaauts)
 A = Elapsed time spent in this place.
 B = Non-inter-level travel time spent in this place.
 C = Inter-level travel time spent in this place.
 D = Time resting spent in this place.
 E = Time spent auto-exploring this place.
 F = Levels seen in this place.
 G = Mean time per level.
                   A        B        C        D        E       F      G
               +--------+--------+--------+--------+--------+-----+--------+
         Total |   6401 |   6232 |    169 |    880 |   4015 |   8 |  800.1 |
       Dungeon |   6248 |   6079 |    169 |    880 |   3924 |   7 |  892.6 |
         Sewer |    153 |    153 |      0 |      0 |     91 |   1 |  153.0 |
               +--------+--------+--------+--------+--------+-----+--------+

Top non-repeatable levels by time:
     D:2: 1317 daAuts
     D:1: 1081 daAuts
     D:6: 915 daAuts
     D:5: 912 daAuts
     D:7: 860 daAuts
     D:4: 726 daAuts
     D:3: 434 daAuts
   Sewer: 153 daAuts
